 Dungeon Crawl Stone Soup version 0.19.4-8-ga85b6b9 (console) character file.

1421 Kloppie the Nimble (level 8, -4/65 HPs)
             Began as a Merfolk Berserker on Feb 7, 2017.
             Was a Priest of Trog.
             Slain by a wight
             ... wielding a cursed +5 trident
              (7 damage)
             ... on level 6 of the Dungeon.
             The game lasted 00:06:51 (5717 turns).

Kloppie the Nimble (Merfolk Berserker)              Turns: 5717, Time: 00:06:52

Health: -4/65      AC: 11    Str: 18    XL:     8   Next: 72%
Magic:  8/8        EV: 14    Int:  6    God:    Trog [***...]
Gold:   149        SH:  0    Dex: 15    Spells: 0 memorised, 7 levels left

rFire  . . .     SeeInvis .     a - +0 falchion
rCold  . . .     Gourm    .     y - +0 scale mail
rNeg   . . .     Faith    .     (no shield)
rPois  .         Spirit   .     (no helmet)
rElec  .         Reflect  .     u - +0 cloak
rCorr  .         Harm     .     m - +2 pair of gloves
MR     ++...                    e - +0 pair of boots
Stlth  ..........               (no amulet)
                                (no ring)
                                (no ring)

@: lethally poisoned (-4 -> -4), exhausted, regenerating, slowed, drained, very
slow
A: change form in water, swift swim, stealthy swim
a: Berserk, Trog's Hand, Burn Spellbooks, Renounce Religion


You were on level 6 of the Dungeon.
You worshipped Trog.
Trog was most pleased with you.
You were not hungry.

You visited 1 branch of the dungeon, and saw 6 of its levels.

You collected 207 gold pieces.
You spent 58 gold pieces at shops.

Inventory:

Hand Weapons
 a - a +0 falchion (weapon)
Armour
 b - a +0 animal skin
 e - a +0 pair of boots (worn)
 m - a +2 pair of gloves (worn)
 u - a +0 cloak (worn)
 y - a +0 scale mail (worn)
Jewellery
 x - a cursed ring of loudness
Scrolls
 d - 2 scrolls of remove curse
 f - 2 scrolls of fear {unknown}
 g - a scroll of immolation {unknown}
 h - 5 scrolls of identify
 i - 2 scrolls of amnesia {unknown}
 n - 5 scrolls of teleportation {unknown}
 o - a scroll of noise {unknown}
 p - a scroll of random uselessness {unknown}
 q - a scroll of blinking {unknown}
 s - a scroll of enchant weapon {unknown}
 z - a scroll of enchant armour {unknown}
 A - a scroll of fog {unknown}
Potions
 j - a potion of lignification
 k - a potion of might
 l - a potion of magic
 v - a potion of berserk rage
 w - 3 potions of curing
 B - a potion of invisibility
 C - 3 potions of haste {unknown}
 D - a potion of brilliance {unknown}
 E - a potion of agility {unknown}
Comestibles
 c - 2 bread rations
 t - 2 beef jerkies
 F - a slice of pizza


   Skills:
 - Level 6.9(5.9) Fighting
 + Level 7.3(6.3) Long Blades
 - Level 1.3(0.5) Armour
 * Level 8.9(7.9) Dodging


You had 7 spell levels left.
You didn't know any spells.

Dungeon Overview and Level Annotations

Branches:
Dungeon (6/15)
 Temple: D:4-7

Altars:
Fedhas

Shops:
D:5 =


Message History

The wight misses you.
You hit the wight but do no damage.
The wight is moderately damaged.
You feel sick.
The wight hits you with an enchanted trident!
* * * LOW HITPOINT WARNING * * *
You hit the wight but do no damage.
The wight is moderately damaged.
The wight hits you with an enchanted trident.
* * * LOW HITPOINT WARNING * * *
You feel drained.
* * * LOW HITPOINT WARNING * * *
Your skin crawls.
You feel resistant to hostile enchantments.
You feel somewhat more hungry.
You feel sick.
The wight hits you with an enchanted trident.
* * * LOW HITPOINT WARNING * * *
The wight barely misses you.
The wight hits you from afar with an enchanted trident!
You die...

#############
...........#
..........#
..>.......
........# #z.......
#)# #@# #.#
##.##############
###...............#
#.................#
#.................#
#.................#
###...............#
#...............#


You could see a wight.

Vanquished Creatures
  Edmund (D:5)
  Menkaure (D:6)
  An orc warrior (D:6)
  A phantom (D:5)
  2 ogres
  2 wights (D:6)
  5 crimson imps
  2 bullfrog zombies (D:5)
  An orc priest (D:4)
  A hound (D:5)
  Crazy Yiuf (D:3)
  4 orc wizards
  An iguana (D:4)
  4 worker ants
  7 adders
  2 oozes
  3 worms
  2 dart slugs
  5 leopard geckos
  9 orcs
  4 giant cockroaches
  9 hobgoblins
  14 jackals
  4 kobolds
  13 bats
  4 frilled lizards
  11 goblins
  A jackal zombie (D:5)
  2 leopard gecko skeletons (D:3)
  A leopard gecko zombie (D:3)
  A quokka zombie (D:3)
  3 rats
122 creatures vanquished.

Notes
Turn   | Place    | Note
-------+----------+-------------------------------------------
     0 | D:1      | Kloppie the Merfolk Berserker began the quest for the Orb.
     0 | D:1      | Reached XP level 1. HP: 18/18 MP: 1/1
    33 | D:1      | Reached XP level 2. HP: 2/25 MP: 2/2
   719 | D:1      | Reached XP level 3. HP: 25/30 MP: 3/3
  1226 | D:2      | Reached ** piety under Trog
  1428 | D:2      | Found a blossoming altar of Fedhas.
  1496 | D:2      | Reached XP level 4. HP: 38/38 MP: 4/4
  1621 | D:2      | Reached skill level 5 in Fighting
  1855 | D:3      | Found a runed door.
  1973 | D:3      | Reached XP level 5. HP: 36/44 MP: 5/5
  2670 | D:3      | Noticed Crazy Yiuf
  2676 | D:3      | Killed Crazy Yiuf
  3297 | D:4      | Reached *** piety under Trog
  3637 | D:4      | Noticed an ogre
  3642 | D:4      | Killed an ogre
  3642 | D:4      | Reached skill level 5 in Long Blades
  3642 | D:4      | Reached XP level 6. HP: 53/53 MP: 6/6
  3654 | D:4      | Paralysed by fainting for 10 turns
  4003 | D:5      | Entered Level 5 of the Dungeon
  4032 | D:5      | Found Uzuzake's Jewellery Shop.
  4043 | D:5      | Bought a cursed ring of loudness for 58 gold pieces
  4151 | D:5      | Reached skill level 3 in Dodging
  4208 | D:5      | Reached XP level 7. HP: 49/59 MP: 7/7
  4337 | D:5      | Reached skill level 4 in Dodging
  4344 | D:5      | Reached skill level 5 in Dodging
  4430 | D:5      | Reached skill level 6 in Dodging
  4551 | D:5      | Reached XP level 8. HP: 64/65 MP: 8/8
  4590 | D:5      | Noticed Edmund
  4631 | D:5      | Killed Edmund
  4631 | D:5      | Reached skill level 7 in Dodging
  5572 | D:6      | Noticed Menkaure
  5576 | D:6      | Killed Menkaure
  5576 | D:6      | Reached skill level 8 in Dodging
  5715 | D:6      | HP: 3/65 [wight/enchanted trident (1)]
  5716 | D:6      | HP: 1/65 [wight/enchanted trident (3)]
  5717 | D:6      | Slain by a wight

Skill      XL: |  1  2  3  4  5  6  7  8 |
---------------+-------------------------+-----
Fighting       | 4 5 6 |  6.9
Long Blades    | 4 5 6 7 |  7.3
Dodging        | 3 6 8 |  8.9
Armour         | |  1.3

Action                   |  1- 3 |  4- 6 |  7- 9 || total
-------------------------+-------+-------+-------++-------
Melee: Falchion          |    73 |   231 |   269 ||   573
Invok: Berserk           |     2 |     3 |     5 ||    10
       Trog's Hand       |       |       |     2 ||     2
  Use: Scroll            |       |     7 |       ||     7
 Stab: Sleeping          |     2 |     3 |       ||     5
  Eat: Chunk             |     4 |    12 |     2 ||    18
       Meat ration       |       |       |     2 ||     2
Armor: Animal skin       |    18 |    41 |       ||    59
       Scale mail        |       |    40 |    98 ||   138
Dodge: Dodged            |    74 |   160 |   148 ||   382
       Rpst.: Falchion   |    26 |    60 |    42 ||   128
